 Dungeon Crawl Stone Soup version 0.28-a0-1128-gb845255321 (webtiles) character file.

Game seed: 15722248581084149498

261 Garessta the Sneak (level 5, -2/30 HPs)
             Began as a Vampire Gladiator on Dec 12, 2021.
             Was a Follower of Fedhas.
             Slain by a bullfrog (5 damage)
             ... in a sewer.
             The game lasted 00:10:16 (3504 turns).

Garessta the Sneak (Vampire Gladiator)              Turns: 3504, Time: 00:10:18

Health: -2/30      AC:  4    Str: 13    XL:     5   Next: 96%
Magic:  5/5        EV: 10    Int: 11    God:    Fedhas [*.....]
Gold:   75         SH:  0    Dex: 17    Spells: 4/4 levels left

rFire   . . .      SeeInvis +   a - +0 rapier
rCold   + + .      Faith    .   (no shield)
rNeg    + + +      Spirit   .   b - +0 leather armour
rPois   ∞          Reflect  .   c - +0 helmet
rElec   .          Harm     .   (no cloak)
rCorr   .          Rampage  .   (no gloves)
Will    .....                   (no boots)
Stlth   +++.......              (no amulet)
HPRegen 0.00/turn               (no ring)
MPRegen 0.09/turn               (no ring)

@: bloodless, inhibited regen, constricted, very slow
A: bloodless, fangs 3, see invisible, vampiric 2
a: Bat Form, Revivify, Renounce Religion


You were in a sewer.
You worshipped Fedhas.
Fedhas was aware of your devotion.
You visited 1 branch of the dungeon, and saw 4 of its levels.
You also visited: Sewer.

You collected 75 gold pieces.

Inventory:

Hand Weapons
 a - a +0 rapier (weapon)
Missiles
 i - a javelin (quivered)
 o - 5 poisoned darts
Armour
 b - a +0 leather armour (worn)
 c - a +0 helmet (worn)
Jewellery
 h - a +6 ring of intelligence
Scrolls
 g - a scroll of teleportation
 j - a scroll of summoning {unknown}
 k - a scroll of amnesia
 l - a scroll of blinking
 m - a scroll of fog
Potions
 d - 2 potions of mutation {unknown}
 e - a potion of cancellation {unknown}
 f - a potion of resistance {unknown}


   Skills:
 - Level 1.7 Fighting
 + Level 5.0 Short Blades
 - Level 1.5 Throwing
 - Level 3.2 Dodging
 * Level 7.6 Stealth


You had 4 spell levels left.
You didn't know any spells.
Your spell library contained the following spells:

 Spells                   Type           Power      Damage    Failure   Level
 Freeze                   Ice            0%         1d3       41%         1
 Frozen Ramparts          Ice            0%         1d2       80%         3
 Hailstorm                Conj/Ice       0%         3d3       99%         4


Dungeon Overview and Level Annotations

Branches:
Dungeon (4/15)              Sewer (1/1)
 Temple: D:4-7

Altars:
Fedhas
Kikubaaqudgha
Vehumet


Innate Abilities, Weirdness & Mutations

You do not regenerate when monsters are visible.
You are frail without blood (-20% HP).
You can heal yourself when you bite living creatures.
You are immune to poison.
You have razor-sharp teeth.
You have supernaturally acute eyesight. (SInv)
You are afflicted with vampirism and can become a bat while bloodless.


Message History

The adder barely misses you.
You barely miss the bullfrog.
The ball python hisses angrily.
Your bite misses the bullfrog.
The bullfrog is moderately wounded.
You hear a croak.
The ball python misses you. The ball python constricts you.
The bullfrog hits you! The adder bites you.
The ball python loses its grip on you.
As you read the scroll labelled TIUTTE TUBUHA, it crumbles to dust.
The scroll dissolves into smoke.
It was a scroll of fog.
The bullfrog hits you but does no damage.
The ball python bites you. The ball python grabs you.
The ball python constricts you. The adder bites you but does no damage.
The adder closely misses you.
A bullfrog comes into view.
The bullfrog hits you.
The ball python's grasp on you weakens, but your attempt to escape fails.
The bullfrog hits you.
* * * LOW HITPOINT WARNING * * *
The adder bites you.
* * * LOW HITPOINT WARNING * * *
You escape the ball python's grasp.
You enter the shallow water.
Moving in this stuff is going to be slow.
The adder misses you. The bullfrog completely misses you.
The ball python barely misses you. The ball python closely misses you.
The adder closely misses you. The bullfrog closely misses you.
Why would you want to do that? Why would you want to do that?
Why would you want to do that?
Unknown command.
The bullfrog barely misses you.
The ball python bites you but does no damage.
The ball python completely misses you. The adder barely misses you.
The adder bites you.
* * * LOW HITPOINT WARNING * * *
The ball python closely misses you. The ball python grabs you.
The ball python constricts you. The bullfrog hits you.
You die...
Fedhas appreciates your contribution to the ecosystem.

####################
..≈≈≈≈≈≈§§S≈≈≈≈≈≈..###
..≈≈≈≈≈≈§SSS≈≈≈≈≈....##
.(≈(≈F≈ll§#@§§≈≈≈.....#
.S#≈≈≈≈≈≈FFS§§≈≈≈.....#
l.≈≈≈≈≈≈≈§§§§≈≈≈≈.....##
..≈≈≈≈≈≈≈≈≈≈≈≈≈≈≈#.....#
###################....#
####...## #..#....#
#..'....# #####...#


You could see 2 bullfrogs, 2 adders and 3 ball pythons.

Vanquished Creatures
  A scorpion (D:4)
  An adder (D:3)
  7 gnolls
  3 river rats (Sewer)
  A worm (D:2)
  3 dart slugs
  15 ball pythons
  9 bats
  7 endoplasms
  2 giant cockroaches
  2 goblins
  2 hobgoblins
  4 jackals (D:1)
  7 kobolds
  2 quokkas (D:3)
  5 frilled lizards
  30 rats
101 creatures vanquished.

Vanquished Creatures (others)
  4 plants (D:3)
4 creatures vanquished.

Grand Total: 105 creatures vanquished

Notes
Turn   | Place    | Note
-------+----------+-------------------------------------------
     0 | D:1      | Garessta the Vampire Gladiator began the quest for the Orb.
     0 | D:1      | Reached XP level 1. HP: 16/16 MP: 1/1
    24 | D:1      | Reached skill level 1 in Stealth
   120 | D:1      | Reached skill level 2 in Stealth
   139 | D:1      | Reached XP level 2. HP: 22/22 MP: 2/2
   302 | D:1      | Found a faded altar of an unknown god.
   306 | D:1      | Reached skill level 3 in Stealth
   700 | D:2      | Gained mutation: You are afflicted with vampirism and can
                  | become a bat while bloodless. [Vampire growth]
   700 | D:2      | Reached XP level 3. HP: 25/27 MP: 3/3
   739 | D:2      | Reached skill level 4 in Stealth
  1203 | D:2      | Reached XP level 4. HP: 22/33 MP: 4/4
  1236 | D:2      | Reached skill level 5 in Stealth
  1374 | D:3      | Found a radiant altar of Vehumet.
  1512 | D:3      | Found a blossoming altar of Fedhas.
  1970 | D:3      | Reached skill level 6 in Stealth
  2022 | D:3      | Found an ancient bone altar of Kikubaaqudgha.
  2074 | D:3      | Reached XP level 5. HP: 14/38 MP: 5/5
  2286 | D:3      | Became a worshipper of Fedhas Madash
  2354 | D:4      | HP: 1/38 [poisoned by a scorpion]
  2645 | D:4      | Found a glowing drain.
  2654 | D:4      | Reached skill level 7 in Stealth
  2670 | Sewer    | Entered a sewer
  2983 | Sewer    | Reached * piety under Fedhas
  3497 | Sewer    | Reached skill level 5 in Short Blades
  3504 | Sewer    | Slain by a bullfrog

Illustrated notes

Levels and vault maps discovered:
D:1:      minmay_arrival_semitransparent, layout_basic,
          ebering_ecumenical_altar_sacrificial
D:2:      layout_basic, minmay_3d_cube
D:3:      layout_basic, mainiacjoe_overflow_tiny_flanked, fedhas_ov_isle_minmay,
          nicolae_vehumet_altar_sigil, minmay_unequal
D:4:      layout_loops_corners, mainiacjoe_overflow_divided_tiny,
          portal_sewer_entry_a, minmay_misc_feat_four_crosses,
          minmay_statues_item
Sewer:    sewer_minmay_w

Skill      XL: |  1  2  3  4  5 |
---------------+----------------+-----
Stealth        | 2 3 4 6 7 |  7.6
Short Blades   | 4 5 |  5.0
Fighting       | |  1.7
Throwing       | |  1.5
Dodging        | |  3.2

Action                   |  1- 3 |  4- 6 || total
-------------------------+-------+-------++-------
Melee: Rapier            |    96 |   167 ||   263
       Bite              |    10 |    18 ||    28
Throw: Throwing net      |     1 |     2 ||     3
       Javelin           |       |    10 ||    10
       Dart              |       |     2 ||     2
 Abil: Exsanguinate      |       |     1 ||     1
  Use: Scroll            |       |     4 ||     4
       Potion            |       |     4 ||     4
 Stab: Sleeping          |    11 |    13 ||    24
       Distracted        |     1 |       ||     1
       Held in net/web   |       |     1 ||     1
Armor: Leather armour    |    17 |    54 ||    71
Dodge: Dodged            |    47 |   141 ||   188

Table legend: (Time is in decaauts)
 A = Elapsed time spent in this place.
 B = Non-inter-level travel time spent in this place.
 C = Inter-level travel time spent in this place.
 D = Time resting spent in this place.
 E = Time spent auto-exploring this place.
 F = Levels seen in this place.
 G = Mean time per level.
                   A        B        C        D        E       F      G
               +--------+--------+--------+--------+--------+-----+--------+
         Total |   3559 |   3414 |    145 |    321 |   2273 |   5 |  711.8 |
       Dungeon |   2678 |   2533 |    145 |    100 |   1805 |   4 |  669.5 |
         Sewer |    880 |    880 |      0 |    221 |    468 |   1 |  880.0 |
               +--------+--------+--------+--------+--------+-----+--------+

Top non-repeatable levels by time:
     D:3: 1013 daAuts
   Sewer: 880 daAuts
     D:2: 780 daAuts
     D:1: 581 daAuts
     D:4: 302 daAuts
